 Dungeon Crawl Stone Soup version 0.16-a0-3300-g0332368 (webtiles) character file.

114 Kemay the Insei (level 4, -2/28 HPs)
             Began as an Octopode Transmuter on Dec 25, 2014.
             Slain by muravey's ghost (8 damage)
             ... on level 3 of the Dungeon.
             The game lasted 00:07:14 (2393 turns).

Kemay the Insei (Octopode Transmuter)               Turns: 2393, Time: 00:07:14

Health: -2/28      AC:  1    Str:  9    XL:     4   Next: 98%
Magic:  5/6        EV: 13    Int: 18    God:
Gold:   107        SH:  0    Dex: 12    Spells: 1 memorised, 6 levels left

rFire  . . .     SeeInvis .       - Unarmed
rCold  . . .     Clarity  .     (no shield)
rNeg   . . .     SustAb   .     (helmet restricted)
rPois  .         Gourm    .     (no amulet)
rElec  .         Spirit   .     b - +1 ring of slaying
rCorr  .         Warding  .     (no ring)
rMut   .         Stasis   .     (no ring)
MR     .....                    (no ring)
Stlth  ++........               (no ring)
                                (no ring)
                                (no ring)
                                (no ring)

@: appendage, not resistant to hostile enchantments, unstealthy
A: almost no armour, amphibious, 8 rings, constrict 8, tentacle spike 3,
camouflage 1, clever 1, low mp 1, screaming 1, gelatinous body 1
a: End Transformation


You were on level 3 of the Dungeon.
You were not hungry.
One of your tentacles had a temporary spike.
You visited 1 branch of the dungeon, and saw 3 of its levels.

You collected 107 gold pieces.

Inventory:

Jewellery
 b - a +1 ring of slaying (left tentacle)
Scrolls
 e - a scroll of remove curse
 f - 3 scrolls of identify
 g - 2 scrolls of magic mapping
 i - a scroll of enchant armour
Potions
 c - a potion of restore abilities
Books
 d - a book of Changes

   Spells                             Type                      Level
   a - Beastly Appendage              Transmutation                1
   b - Sticks to Snakes               Transmutation                2
   c - Spider Form                    Transmutation/Poison         3
   d - Ice Form                       Ice/Transmutation            4
   e - Blade Hands                    Transmutation                5
Comestibles
 a - 2 bread rations
 h - a chunk of flesh


   Skills:
 - Level 1.0 Fighting
 + Level 3.8 Dodging
 + Level 4.3 Unarmed Combat
 - Level 2.0 Spellcasting
 - Level 2.0 Transmutations


You had 6 spell levels left.
You knew the following spells:

 Your Spells              Type           Power        Failure   Level  Hunger
a - Beastly Appendage     Trmt           #.....       10%         1    #......


Dungeon Overview and Level Annotations

Branches:
Dungeon (3/15)

Altars:

Annotations:
D:2 1 exclusion
D:3 muravey's ghost, weakling TeAE


Innate Abilities, Weirdness & Mutations

You cannot wear most types of armour.
You are amphibious.
You can wear up to eight rings at the same time.
You can use your tentacles to constrict many enemies at once.
Your skin changes colour to match your surroundings (Stealth).
Your rubbery body absorbs attacks (AC +1).
One of your tentacles bears a large vicious spike.
Your mind is acute. (Int +2)
Your magical capacity is low (-10% MP).
You occasionally shout uncontrollably at your foes.


Message History

Muravey's ghost gestures at you while chanting.
The zap hits you!
You tentacle-slap muravey's ghost.
Muravey's ghost is lightly damaged.
Muravey's ghost gestures at you while chanting.
The zap hits you!
You closely miss muravey's ghost.
Muravey's ghost is lightly damaged.
Muravey's ghost hits you.
You barely miss muravey's ghost.
Your tentacle spike misses muravey's ghost.
Muravey's ghost is lightly damaged.
Muravey's ghost points at you and mumbles some strange words.
The zap hits you!
* * * LOW HITPOINT WARNING * * *
You tentacle-slap muravey's ghost.
You pierce muravey's ghost, but do no damage.
Muravey's ghost is heavily damaged.
Muravey's ghost hits you!
You die...

###.###.........# #.
#...............# #.
#...............# #.
#...............######
#.....................
#########......##.W###.###...#
........'......##..# #.# #....
#########....W.##..###.###....
#####@#..........'....
#.#.###.##.###.... #.#.#
#..#.# #.... #.#.# #..#.#
#.... #.#.# #..#รท# #....
#.#.# #....# #.... #(#.#
#.#..# #.##. #.#.###.#.>#
#.##. #.#.....##.###.##.


You could see muravey's ghost.

Vanquished Creatures
  4 gnolls
  An adder (D:2)
  A worm (D:2)
  3 giant geckos
  11 bats
  4 giant cockroaches
  10 goblins
  9 hobgoblins
  4 giant newts
  7 kobolds
  5 rats
59 creatures vanquished.

Notes
Turn   | Place    | Note
--------------------------------------------------------------
     0 | D:1      | Kemay, the Octopode Transmuter, began the quest for the Orb.
     0 | D:1      | Reached XP level 1. HP: 13/13 MP: 3/3
   247 | D:1      | Reached XP level 2. HP: 16/18 MP: 4/4
   426 | D:1      | Reached XP level 3. HP: 19/23 MP: 6/6
  1323 | D:2      | Reached XP level 4. HP: 23/28 MP: 5/7
  1457 | D:2      | Reached skill level 4 in Unarmed Combat
  2218 | D:3      | Gained mutation: You occasionally shout uncontrollably at your foes. [potion of mutation]
  2218 | D:3      | Gained mutation: Your mind is acute. (Int +2) [potion of mutation]
  2218 | D:3      | Gained mutation: Your magical capacity is low (-10% MP). [potion of mutation]
  2378 | D:3      | Noticed muravey's ghost (weakling TeAE)
  2393 | D:3      | Slain by muravey's ghost

Action                   |  1- 3 |  4- 6 || total
-------------------------+-------+-------++-------
Melee: Unarmed           |    72 |    44 ||   116
 Cast: Beastly Appendage |     3 |     5 ||     8
  Use: Scroll            |       |     8 ||     8
       Potion            |       |     2 ||     2
 Stab: Sleeping          |     3 |     3 ||     6
       Distracted        |     1 |       ||     1
  Eat: Chunk             |     1 |     4 ||     5
